 Dungeon Crawl Stone Soup version 0.22.1-1-ga44c0e56f4 (webtiles) character file.

601 Freyura the Cudgeler (level 7, -2/44 HPs)
             Began as a Gargoyle Monk on Oct 24, 2018.
             Slain by an ogre
             ... wielding a cursed -2 giant spiked club
              (12 damage)
             ... on level 5 of the Dungeon.
             The game lasted 00:09:39 (3437 turns).

Freyura the Cudgeler (Gargoyle Monk)                Turns: 3437, Time: 00:09:40

Health: -2/44      AC: 10    Str: 15    XL:     7   Next: 41%
Magic:  7/7        EV: 13    Int: 10    God:
Gold:   166        SH:  0    Dex: 16    Spells: 6/6 levels left

rFire    . . .     SeeInvis .   a - +0 mace
rCold    . . .     Gourm    .   (no shield)
rNeg     + . .     Faith    .   b - +0 robe
rPois    ∞         Spirit   .   (helmet restricted)
rElec    +         Reflect  .   n - +2 cloak
rCorr    .         Harm     .   (no gloves)
MR       .....                  (no boots)
Stlth    ++........             (no amulet)
HPRegen  0.14/turn              (no ring)
MPRegen  0.10/turn              (no ring)

@: no status effects
A: beak, talons 1, agile 1, negative energy resistance 1, electricity
resistance, unbreathing, petrification resistance, rot immunity, AC +4
a: no special abilities


You were on level 5 of the Dungeon.
You were full.

You visited 1 branch of the dungeon, and saw 5 of its levels.

You collected 166 gold pieces.

Inventory:

Hand Weapons
 a - a +0 mace (weapon)
Armour
 b - a +0 robe (worn)
 n - a +2 cloak (worn)
 r - a +0 chain mail
Wands
 l - a wand of iceblast (10)
Scrolls
 c - 2 scrolls of fog {unknown}
 d - 3 scrolls of identify
 e - 3 scrolls of teleportation
 i - a scroll of enchant weapon {unknown}
 k - a scroll of blinking
 m - 2 scrolls of amnesia
Potions
 f - a potion of curing {unknown}
 g - a potion of magic
 h - 2 potions of agility {unknown}
 j - a potion of degeneration {unknown}
 q - a potion of ambrosia {unknown}
 s - a potion of cancellation {unknown}
 u - 2 potions of heal wounds {unknown}


   Skills:
 + Level 5.3 Fighting
 * Level 6.3 Maces & Flails
 + Level 3.9 Armour
 - Level 2.4 Dodging
 - Level 2.1 Stealth


You had 6 spell levels left.
You didn't know any spells.
Your spell library was empty.

Dungeon Overview and Level Annotations

Branches:
Dungeon (5/15)
 Temple: D:4-7

Altars:
Fedhas
Qazlal
Sif Muna


Innate Abilities, Weirdness & Mutations

You are resistant to torment.
Your stone body is resilient. (AC +4)
You are immune to poison.
You resist negative energy. (rN+)
You are resistant to electric shocks. (rElec)
You can survive without breathing.
You are immune to petrification.
You are immune to rotting.
You have a beak for a mouth.
You have sharp toenails.
You are agile. (Dex +2)


Message History

You peck the ogre, but do no damage.
The ogre is heavily wounded.
The ogre barely misses you.
You closely miss the ogre.
The ogre is heavily wounded.
The ogre hits you with a giant spiked club!
* * * LOW HITPOINT WARNING * * *
The sky beast flickers out of sight!
Deactivating autopickup; reactivate with Ctrl-A.
You hit the ogre.
The ogre is severely wounded.
You hear the slow hiss of a distant avalanche of sand.
The orc wizard mumbles some strange words.
The orc wizard blinks!
The ogre completely misses you.
You barely miss the ogre.
The ogre is severely wounded.
You barely miss the ogre. You claw the ogre. You peck the ogre.
The ogre is almost dead.
The ogre hits you with a giant spiked club!
You die...

.....# #.≈#.#.PP.P.##.#..#.#
.....# ##..#)..P.P###.#(.#.#
.....# ####....#.###.#..#.#
.....########........#.#..#.#####
..................)#.#.#.........
.........)...........>...........
.....###########.####.....#.#####
)....# #.# #######.# .....# #@#
..# .....# #O# #### ##.###
######{#+#### #.# .......o..[..#
#.# .............# ##.#
.._....(.....# ...#
...Y..[......# #####
.............# .....
#............#


You could see an ogre and an orc.

Vanquished Creatures
  An ice beast (D:5)
  A bullfrog (D:5)
  A crimson imp (D:5)
  2 hounds (D:4)
  2 orc wizards (D:4)
  2 orc priests (D:4)
  Ijyb (D:4)
  A worker ant (D:5)
  4 gnolls (D:4)
  4 adders
  A shadow imp (D:5)
  3 oozes
  An adder skeleton (D:4)
  A worm (D:5)
  2 dart slugs
  A leopard gecko (D:3)
  7 orcs
  11 bats
  4 giant cockroaches
  10 goblins
  3 hobgoblins
  7 jackals
  2 quokkas
  4 ball pythons
  3 frilled lizards
  6 kobolds
  5 rats
90 creatures vanquished.

Vanquished Creatures (others)
  A fungus (D:5)
1 creature vanquished.

Grand Total: 91 creatures vanquished

Notes
Turn   | Place    | Note
-------+----------+-------------------------------------------
     0 | D:1      | Freyura the Gargoyle Monk began the quest for the Orb.
     0 | D:1      | Reached XP level 1. HP: 14/14 MP: 1/1
   260 | D:1      | Reached XP level 2. HP: 17/19 MP: 2/2
   396 | D:1      | Reached skill level 1 in Armour
   731 | D:1      | Reached XP level 3. HP: 23/23 MP: 3/3
  1604 | D:3      | Reached skill level 4 in Maces & Flails
  1610 | D:3      | Reached XP level 4. HP: 26/29 MP: 4/4
  2355 | D:3      | Gained mutation: You have a beak for a mouth. [potion of
                  | mutation]
  2355 | D:3      | Gained mutation: You have sharp toenails. [potion of
                  | mutation]
  2355 | D:3      | Gained mutation: You are agile. (Dex +2) [potion of
                  | mutation]
  2412 | D:4      | Reached XP level 5. HP: 26/33 MP: 5/5
  2869 | D:4      | Reached skill level 5 in Maces & Flails
  2908 | D:4      | Noticed Ijyb
  2921 | D:4      | Killed Ijyb
  2921 | D:4      | Reached XP level 6. HP: 33/39 MP: 6/6
  3242 | D:5      | Entered Level 5 of the Dungeon
  3263 | D:5      | Found a blossoming altar of Fedhas.
  3271 | D:5      | Reached skill level 5 in Fighting
  3271 | D:5      | Reached XP level 7. HP: 42/44 MP: 7/7
  3317 | D:5      | Reached skill level 6 in Maces & Flails
  3371 | D:5      | Found a stormy altar of Qazlal.
  3415 | D:5      | Found a deep blue altar of Sif Muna.
  3437 | D:5      | Slain by an ogre

Skill      XL: |  1  2  3  4  5  6  7 |
---------------+----------------------+-----
Armour         | 1 2 3 |  3.9
Maces & Flails | 4 5 6 |  6.3
Fighting       | 4 5 |  5.3
Dodging        | |  2.4
Stealth        | |  2.1

Action                   |  1- 3 |  4- 6 |  7- 9 || total
-------------------------+-------+-------+-------++-------
Melee: Mace              |   154 |   149 |    70 ||   373
       Kick              |       |    28 |    27 ||    55
       Peck              |       |    20 |    15 ||    35
  Use: Scroll            |     3 |     9 |       ||    12
       Potion            |       |     1 |       ||     1
 Stab: Sleeping          |     3 |     5 |     1 ||     9
  Eat: Ration            |     1 |     3 |       ||     4
Armor: Robe              |    73 |    61 |    21 ||   155
Dodge: Dodged            |   155 |    90 |    43 ||   288
